 Dungeon Crawl Stone Soup version 0.30.1-3-gfc49f6343a (webtiles) character file.

Game seed: 15680538184922340050

529 uvd540 the Trooper (level 7, 0/91 HPs)
             Began as a Minotaur Berserker on July 25, 2023.
             Was a Priest of Trog.
             Slain by an orc wizard
             ... wielding a +0 dagger
              (2 damage)
             ... on level 4 of the Dungeon.
             The game lasted 00:14:04 (2503 turns).

uvd540 the Trooper (Minotaur Berserker)             Turns: 2503, Time: 00:14:05

Health: 0/91       AC:  1    Str: 24    XL:     7   Next: 3%
Magic:  0/6        EV: 11    Int:  4    God:    Trog [***...]
Gold:   165        SH:  0    Dex:  9    Spells: 6/6 levels left

rFire   . . .        d - +0 short sword (venom)
rCold   . . .        (no shield)
rNeg    . . .        t - +1 scale mail
rPois   +            (helmet restricted)
rElec   .            (no cloak)
rCorr   .            q - +0 pair of gloves
SInv    .            (no boots)
Will    .....        b - amulet of guardian spirit Stlth
                     j - ring of poison resistance
HPRegen 0.35/turn    (no ring)
MPRegen 0.10/turn

%: guardian spirit
@: berserking, corroded, very quick
A: horns 2, retaliatory headbutt
a: Renounce Religion, Berserk, Trog's Hand


You were on level 4 of the Dungeon.
You worshipped Trog.
Trog was most pleased with you.
You visited 1 branch of the dungeon, and saw 4 of its levels.

You collected 165 gold pieces.

Inventory:

Hand Weapons
 a - a +0 hand axe
 d - a +0 short sword of venom (weapon)
 h - a +1 dagger of holy wrath
Missiles
 k - 6 boomerangs (quivered)
Armour
 g - a +0 leather armour
 q - a +0 pair of gloves (worn)
 t - a +1 scale mail (worn)
Jewellery
 b - an amulet of guardian spirit (around neck)
 j - a ring of poison resistance (left hand)
Wands
 o - a wand of paralysis (2)
Scrolls
 c - a scroll of identify
 f - 2 scrolls of vulnerability
 l - a scroll of magic mapping {unknown}
 m - a scroll of fog {unknown}
 p - a scroll of enchant armour
 s - a scroll of amnesia {unknown}
 u - 2 scrolls of fear
 w - a scroll of noise {unknown}
Potions
 e - 3 potions of might
 i - 2 potions of curing
 n - a potion of attraction {unknown}
 r - a potion of heal wounds {unknown}
 v - a potion of degeneration {unknown}


   Skills:
 + Level 5.3 Fighting
 * Level 4.9 Short Blades
 - Level 3.8 Axes
 + Level 4.5 Armour
 + Level 4.1 Dodging


You had 6 spell levels left.
You didn't know any spells.
Your spell library was empty.

Dungeon Overview and Level Annotations

Branches:
Dungeon (4/15)
 Temple: D:4-7

Altars:
Sif Muna


Innate Abilities, Weirdness & Mutations

You have a pair of horns on your head.
You reflexively headbutt those who attack you in melee.


Message History

The orc wizard gestures at you while chanting.
The puff of flame hits you!
An orc warrior comes into view. It is wielding a +0 broad axe.
You hit the jelly but do no damage.
Your hands burn!
You headbutt the jelly.
The jelly is moderately wounded.
The jelly hits you.
You are splashed with acid!
You hit the jelly. The acid corrodes you!
Your hands burn!
The jelly is heavily wounded.
The jelly hits you.
You are splashed with acid.
You hit the jelly but do no damage.
Your hands burn!
The jelly is heavily wounded.
The jelly hits you but does no damage.
The orc wizard casts a spell.
The orc wizard flickers and vanishes!
Deactivating autopickup; reactivate with Ctrl-A.
You hear a shout!
A red film seems to cover your vision as you go berserk!
You feel yourself moving faster!
You feel mighty! The jelly hits you. The acid corrodes you!
You are splashed with acid!
You are too berserk!
You puncture the jelly!
Your hands burn!
The jelly is almost dead.
You puncture the jelly!
You kill the jelly!
Trog accepts your kill.
An orc comes into view. It is wielding a +0 quarterstaff.
You have reached level 7!
You hit the orc warrior but do no damage.
You closely miss the orc warrior. Your headbutt misses the orc warrior.
The orc warrior hits you with a +0 broad axe!!
* * * LOW HITPOINT WARNING * * *
You are too berserk!
You are too berserk!
You hit the orc warrior but do no damage.
You hit the orc warrior.
The orc warrior is poisoned.
The orc warrior is lightly wounded.
The orc warrior hits you with a +0 broad axe!!
* * * LOW HITPOINT WARNING * * *
Something hits you.
You die...

###############.
#...............
#.######........
#.#......#8###8#
#.#.####@####
#.# #..{o...#
#.# #.......#
#.# #..#....#
#.# #..o....#
#.# #..#.#..#
#.# .<.#o#..#
########.##..
..####
#.....##.#...
...


You could see an orc warrior (very poisoned) and 2 orcs.

Vanquished Creatures
  Sigmund (D:3)
  An ice beast (D:4)
  A hound (D:4)
  A jelly (D:4)
  An iguana (D:4)
  An orc wizard (D:3)
  5 adders
  3 gnolls (D:3)
  3 worms
  12 orcs (D:3)
  4 bats
  8 endoplasms
  4 giant cockroaches
  6 goblins
  7 hobgoblins
  7 kobolds
  A quokka (D:1)
  4 ball pythons
  4 frilled lizards
  6 rats
80 creatures vanquished.

Notes
Turn   | Place    | Note
-------+----------+-------------------------------------------
     0 | D:1      | uvd540 the Minotaur Berserker began the quest for the Orb.
     0 | D:1      | Reached XP level 1. HP: 19/19 MP: 0/0
   220 | D:1      | Reached XP level 2. HP: 25/27 MP: 1/1
   562 | D:1      | Reached skill level 1 in Short Blades
   876 | D:2      | Reached skill level 4 in Fighting
   876 | D:2      | Reached XP level 3. HP: 27/33 MP: 2/2
  1009 | D:2      | Reached ** piety under Trog
  1457 | D:2      | Reached XP level 4. HP: 40/40 MP: 3/3
  1620 | D:3      | Reached XP level 5. HP: 34/47 MP: 2/4
  1705 | D:3      | Noticed Sigmund
  1715 | D:3      | Killed Sigmund
  1716 | D:3      | Reached XP level 6. HP: 55/55 MP: 5/5
  2079 | D:3      | Reached skill level 5 in Fighting
  2308 | D:4      | Reached *** piety under Trog
  2325 | D:4      | Noticed an ice beast
  2332 | D:4      | Killed an ice beast
  2451 | D:4      | Found a shimmering blue altar of Sif Muna.
  2492 | D:4      | Noticed an orc warrior
  2500 | D:4      | Reached XP level 7. HP: 40/61 MP: 3/6
  2503 | D:4      | HP: 2/91 [orc warrior/+0 broad axe (21)]
  2503 | D:4      | Slain by an orc wizard

Illustrated notes

Levels and vault maps discovered:
D:1:      minmay_arrival_widening_spiral_wide, layout_loops_ring,
          minmay_tromino_i2
D:2:      layout_rooms, chequers_hall_statues_corner_a
D:3:      layout_loops_ring, uniq_sigmund
D:4:      layout_basic, nicolae_sif_muna_little_library,
          cheibrodos_worm_habitat, minmay_temple_entry_statues_pillars,
          serial_corexii_hall, chequers_hall_statues_corner_a,
          chequers_hall_statues_corner_a, chequers_hall_statues_corner_a,
          chequers_mini_garden

Skill      XL: |  1  2  3  4  5  6 |
---------------+-------------------+-----
Short Blades   | 1 2 3 4 |  4.9
Fighting       | 4 5 |  5.3
Armour         | 3 4 |  4.5
Dodging        | 3 4 |  4.1
Axes           | |  3.8

Action                     |  1- 3 |  4- 6 |  7- 9 || total
---------------------------+-------+-------+-------++-------
  Melee: Hand axe          |     8 |       |       ||     8
         Short sword       |    76 |   113 |     4 ||   193
         Headbutt          |    16 |    24 |       ||    40
         Punch             |     1 |     1 |       ||     2
  Throw: Boomerang         |     3 |       |       ||     3
 Invoke: Berserk           |       |     2 |       ||     2
  Evoke: Wand              |       |     2 |       ||     2
    Use: Scroll            |     3 |     2 |       ||     5
   Stab: Paralysed         |       |    12 |       ||    12
 Armour: Animal skin       |     3 |       |       ||     3
         Leather armour    |    17 |     9 |       ||    26
         Scale mail        |       |    13 |       ||    13
  Dodge: Dodged            |    33 |    49 |       ||    82
